 Dungeon Crawl Stone Soup version 0.30-a0-149-g7f746667c4 (webtiles) character file.

Game seed: 2204230594848913758

5118 Iusername the Blocker (level 10, -1/132 HPs)
             Began as a Minotaur Fighter on Sept 26, 2022.
             Was a Believer of Qazlal.
             Succumbed to a water moccasin's poison
             ... on level 7 of the Dungeon.
             The game lasted 00:22:31 (13552 turns).

Iusername the Blocker (Minotaur Fighter)           Turns: 13552, Time: 00:22:31

Health: -1/132     AC: 25    Str: 24    XL:     10   Next: 32%
Magic:  2/9        EV:  2    Int: 11    God:    Qazlal [**....]
Gold:   828        SH: 17    Dex: 19    Spells: 9/9 levels left

rFire   x . .      SeeInvis +    a - +0 trident
rCold   . . .      Faith    .    E - +2 kite shield
rNeg    . . .      Spirit   +    (body armour currently unavailable)
rPois   +          Reflect  .    (helmet currently unavailable)
rElec   .          Harm     .    (cloak currently unavailable)
rCorr   .          Rampage  .    (gloves currently unavailable)
Will    .....      NoTele   +    (boots currently unavailable)
Stlth   ++........               m - amulet of guardian spirit
HPRegen 0.32/turn                g - +6 ring of intelligence
MPRegen 0.11/turn                L - ring of Bikohooh {rF- Str+2 Dex+6 SInv}

@: brilliant, lethally poisoned (-1 -> -11), tree-form
A: stationary, stasis, torment immunity, boosted hp, (horns 2), (retaliatory
headbutt)
a: Renounce Religion, Upheaval


You were on level 7 of the Dungeon.
You worshipped Qazlal.
Qazlal was pleased with you.
You were a tree.
You visited 2 branches of the dungeon, and saw 9 of its levels.
You also visited: Sewer and Bailey.

You collected 828 gold pieces.

Inventory:

Hand Weapons
 a - a +0 trident (weapon)
Missiles
 d - 14 boomerangs
 f - a throwing net (quivered)
Armour
 b - a +0 scale mail (melded)
 l - a +0 cloak (melded)
 z - a +0 pair of boots (melded)
 E - a +2 kite shield (worn)
Jewellery
 g - a +6 ring of intelligence (left branch)
 m - an amulet of guardian spirit (around neck)
 t - a ring of positive energy
 I - a +4 ring of evasion
 L - the ring of Bikohooh (right branch) {rF- Str+2 Dex+6 SInv}
   (You found it on level 6 of the Dungeon)

   [ring of see invisible]

   Str:       It affects your strength (+2).
   Dex:       It affects your dexterity (+6).
   rF:        It makes you vulnerable to fire.
   SInv:      It lets you see invisible.
 M - a +4 ring of evasion
 N - a ring of see invisible
 P - a ring of magical power
Wands
 n - a wand of flame (25)
 w - a wand of paralysis (18)
 C - a wand of roots (8)
 J - a wand of digging (2)
Scrolls
 c - a scroll of vulnerability {unknown}
 h - 2 scrolls of magic mapping {unknown}
 j - 2 scrolls of immolation {unknown}
 p - a scroll of enchant armour {unknown}
 r - 2 scrolls of silence {unknown}
 v - 4 scrolls of noise {unknown}
 y - 2 scrolls of poison {unknown}
 A - a scroll of identify {unknown}
 B - 3 scrolls of fear {unknown}
 D - 3 scrolls of amnesia {unknown}
 G - 2 scrolls of teleportation {unknown}
 K - a scroll of butterflies {unknown}
Potions
 e - 2 potions of flight
 i - 2 potions of degeneration {unknown}
 k - 2 potions of lignification
 o - 2 potions of mutation {unknown}
 q - 5 potions of haste
 u - 2 potions of cancellation {unknown}
 x - a potion of invisibility {unknown}
 F - 2 potions of curing {unknown}
 H - a potion of berserk rage {unknown}
 O - a potion of might


   Skills:
 + Level 7.7 Fighting
 - Level 10.0 Polearms
 + Level 9.4 Armour
 + Level 4.5 Dodging
 + Level 1.4 Stealth
 + Level 10.3 Shields


You had 9 spell levels left.
You didn't know any spells.
Your spell library contained the following spells:

 Spells                   Type           Power      Damage    Failure   Level
 Sandblast                Erth           0%         2d4       61%         1
 Blink                    Tloc           0%         N/A       75%         2
 Passwall                 Tmut/Erth      0%         N/A       75%         2
 Dazzling Flash           Conj/Hex       0%         N/A       93%         3
 Stone Arrow              Conj/Erth      0%         3d7       93%         3
 Iskenderun's Mystic Bla  Conj/Tloc      0%         2d3       100%        4
 Manifold Assault         Tloc           0%         N/A       100%        4
 Starburst                Conj/Fire      0%         6d3       100%        6
 Storm Form               Tmut/Air       0%         N/A       100%        7


Dungeon Overview and Level Annotations

Branches:
Dungeon (8/15)             Temple (1/1) D:5           Sewer (visited)
 Bailey (visited)
   Lair: D:8-11

Altars:
Ashenzari
Cheibriados
Dithmenos
Elyvilon
Fedhas
Gozag
Hepliaklqana
Kikubaaqudgha
Makhleb
Nemelex Xobeh
Okawaru
Qazlal
Ru
Sif Muna
Trog
Uskayaw
Vehumet
Wu Jian
Xom
Yredelemnul
Zin
The Shining One

Annotations:
D:5 2 transporters, SigmundSlayer's ghost, novice DECj


Innate Abilities, Weirdness & Mutations

You are a tree.
Your roots penetrate the ground, keeping you stationary.
You cannot be teleported.
You are immune to unholy pain and torment.
Your maximum health is greatly increased.
Your equipment is partially melded.
((You have a pair of horns on your head.))
((You reflexively headbutt those who attack you in melee.))


Message History

You barely miss the water moccasin.
The water moccasin is moderately wounded.
You feel sick.
The water moccasin bites you but does no damage.
You hit the water moccasin.
The water moccasin is moderately wounded.
You feel sick. You block the water moccasin's attack.
You closely miss the water moccasin.
The water moccasin is moderately wounded.
You feel sick. You block the water moccasin's attack.
The water moccasin barely misses you.
You hit the water moccasin but do no damage.
The water moccasin is moderately wounded.
You block the water moccasin's attack.
You barely miss the water moccasin.
The water moccasin is moderately wounded.
You feel sick.
The water moccasin bites you but does no damage.
You hit the water moccasin.
The water moccasin is moderately wounded.
You feel sick.
The water moccasin bites you but does no damage. x2
You hit the water moccasin.
The water moccasin is heavily wounded.
You feel sick. The water moccasin bites you!
* * * LOW HITPOINT WARNING * * *
You are lethally poisoned!
The water moccasin poisons you!
You puncture the water moccasin!
The water moccasin is severely wounded.
* * * LOW HITPOINT WARNING * * *
You feel very sick. You block the water moccasin's attack.
You miss the water moccasin.
The water moccasin is severely wounded.
* * * LOW HITPOINT WARNING * * *
You feel very sick. You block the water moccasin's attack.
The water moccasin bites you.
It was a potion of flight.
Your roots keep you in place.
You die...

#.#...####...# #..###.......#
#..# #......## #..###......#
###...#.##### #####.##.#
#....#...# #.#.###S†#
#########.##.#.)♣#
#..............†)#
#.#######.##.#...# #.#
#.##.....# #.# #........##
#.# #.#.......####
..#######.#..........#
#.........#.......##.#
#.#######.###...####.########


You could see a water moccasin.

Vanquished Creatures
  Sigmund (D:2)
  3 wyverns (D:7)
  Menkaure (D:4)
  A water moccasin (D:6)
  A sky beast (D:7)
  2 black bears
  3 ice beasts
  5 orc warriors
  A centaur (D:6)
  A wolf (D:7)
  4 ogres
  A phantom (D:6)
  10 kobold brigands
  A gnoll sergeant (D:4)
  A necrophage (D:7)
  4 scorpions
  10 killer bees (D:7)
  6 wights
  A howler monkey (D:4)
  3 orc priests (D:4)
  5 jellies
  Crazy Yiuf (D:3)
  2 hounds
  Terence (D:2)
  4 iguanas
  4 orc wizards
  13 gnolls
  7 adders
  2 shadow imps
  5 ufetubi
  2 worms
  2 dart slugs
  11 orcs
  7 bats
  10 endoplasms
  3 giant cockroaches
  12 goblins
  8 hobgoblins
  4 jackals (D:1)
  25 kobolds
  10 quokkas
  2 training dummies (D:4)
  9 ball pythons
  6 frilled lizards
  12 rats
227 creatures vanquished.

Vanquished Creatures (others)
  2 plants (Sewer)
2 creatures vanquished.

Grand Total: 229 creatures vanquished

Notes
Turn   | Place    | Note
-------+----------+-------------------------------------------
     0 | D:1      | Iusername the Minotaur Fighter began the quest for the Orb.
     0 | D:1      | Reached XP level 1. HP: 19/19 MP: 0/0
   185 | D:1      | Reached XP level 2. HP: 27/27 MP: 1/1
   514 | D:1      | Reached XP level 3. HP: 29/33 MP: 2/2
   868 | D:2      | Noticed Terence
   876 | D:2      | Killed Terence
   877 | D:2      | Reached XP level 4. HP: 29/40 MP: 3/3
  1255 | D:2      | Noticed Sigmund
  1266 | D:2      | Killed Sigmund
  1267 | D:2      | Reached skill level 5 in Polearms
  1267 | D:2      | Reached XP level 5. HP: 17/47 MP: 0/4
  1768 | D:2      | Reached XP level 6. HP: 53/53 MP: 5/5
  2053 | D:3      | Found a glowing drain.
  2057 | Sewer    | Entered a sewer
  2098 | Sewer    | Reached skill level 1 in Dodging
  2608 | Sewer    | Reached skill level 5 in Armour
  2902 | D:3      | Found a faded altar of an unknown god.
  3271 | D:3      | Found a runed translucent door.
  3272 | D:3      | Noticed Crazy Yiuf
  3280 | D:3      | Killed Crazy Yiuf
  3733 | D:4      | Reached XP level 7. HP: 58/60 MP: 4/6
  3888 | D:5      | Entered Level 5 of the Dungeon
  3888 | D:5      | Noticed Menkaure
  3894 | D:4      | Reached skill level 5 in Shields
  4822 | D:4      | Killed Menkaure
  4823 | D:4      | Reached skill level 5 in Fighting
  5709 | D:4      | Reached XP level 8. HP: 66/68 MP: 7/7
  5763 | D:4      | Paralysed by a goblin for 4 turns
  7898 | D:5      | Found a staircase to the Ecumenical Temple.
  7917 | Temple   | Entered the Ecumenical Temple
  8413 | Temple   | Became a worshipper of Qazlal Stormbringer
  8500 | D:5      | Found a broken altar of Ashenzari.
  8500 | D:5      | Found a blossoming altar of Fedhas.
  8672 | D:5      | Found a transporter.
  8675 | D:5      | Noticed SigmundSlayer's ghost (novice DECj)
  8949 | D:5      | Found a transporter.
  9481 | D:6      | Reached skill level 1 in Stealth
  9481 | D:6      | Reached XP level 9. HP: 77/77 MP: 8/8
 10257 | D:6      | Reached * piety under Qazlal
 11275 | D:6      | Identified the ring of Bikohooh {rF- Str+2 Dex+6 SInv}
 12012 | D:7      | Reached skill level 10 in Polearms
 12121 | D:7      | Found a flagged portal.
 12127 | Bailey   | Entered a bailey
 12157 | Bailey   | Reached ** piety under Qazlal
 12245 | Bailey   | Reached XP level 10. HP: 54/86 MP: 4/9
 12903 | Bailey   | Found a bloodstained altar of Trog.
 13387 | D:7      | Reached skill level 10 in Shields
 13550 | D:7      | HP: 5/132 [poisoned by a water moccasin]
 13551 | D:7      | HP: 2/132 [poisoned by a water moccasin]
 13552 | D:7      | Succumbed to a water moccasin's poison

Illustrated notes

Levels and vault maps discovered:
D:1:      ebering_trefoil_3fold, layout_basic
D:2:      layout_rooms, uniq_terence, uniq_sigmund
D:3:      layout_loops_ring, shapermc_ecumenical_altar_mp_highgroup,
          gup_sewer_entry_bowl, uniq_crazy_yiuf_cottage
D:4:      dreamdust_elfheim, layout_gridville, minivault_1, minmay_bisected
D:5:      layout_cave_pools, mainiacjoe_overflow_divided_tiny,
          minmay_temple_entry_junction_2, gammafunk_ghost_stat_death,
          chequers_serial_rivers_micro_e, kennysheep_generic_room_8,
          uniq_menkaure
D:6:      minmay_octagon_keep, layout_layer_cave
D:7:      layout_loops_ring, enter_bailey_3, minmay_statues_item
D:8:      layout_basic, minmay_lair_entry_grove
Temple:   mainiacjoe_temple_cubbyholes

Skill      XL: |  1  2  3  4  5  6  7  8  9 10 |
---------------+-------------------------------+-----
Shields        | 4 6 9 10 | 10.3
Armour         | 4 5 6 7 8 9 |  9.4
Fighting       | 4 5 6 7 |  7.7
Polearms       | 4 5 6 7 8 10 | 10.0
Dodging        | 1 2 3 4 |  4.5
Stealth        | 1 |  1.4

Action                   |  1- 3 |  4- 6 |  7- 9 | 10-12 || total
-------------------------+-------+-------+-------+-------++-------
Melee: Trident           |   103 |   136 |   392 |    74 ||   705
       Headbutt          |    14 |    18 |    79 |    16 ||   127
  Use: Potion            |       |     1 |     6 |     4 ||    11
Armor: Scale mail        |    48 |    52 |   162 |    15 ||   277
       Skin              |       |       |       |     4 ||     4
Dodge: Dodged            |    41 |    52 |   179 |    33 ||   305
Block: Buckler           |    21 |    52 |    81 |       ||   154
       Kite shield       |       |       |   174 |    69 ||   243

Table legend: (Time is in decaauts)
 A = Elapsed time spent in this place.
 B = Non-inter-level travel time spent in this place.
 C = Inter-level travel time spent in this place.
 D = Time resting spent in this place.
 E = Time spent auto-exploring this place.
 F = Levels seen in this place.
 G = Mean time per level.
                   A        B        C        D        E       F      G
               +--------+--------+--------+--------+--------+-----+--------+
         Total |  13615 |  13289 |    326 |   6267 |   4852 |  11 | 1237.7 |
       Dungeon |  11517 |  11245 |    272 |   5300 |   4571 |   8 | 1439.6 |
        Temple |    551 |    497 |     54 |      0 |     60 |   1 |  551.0 |
         Sewer |    738 |    738 |      0 |    384 |    182 |   1 |  738.0 |
        Bailey |    808 |    808 |      0 |    583 |     38 |   1 |  808.0 |
               +--------+--------+--------+--------+--------+-----+--------+

Top non-repeatable levels by time:
     D:4: 4060 daAuts
     D:6: 2304 daAuts
     D:7: 1351 daAuts
     D:2: 1199 daAuts
     D:3: 1081 daAuts
  Bailey: 808 daAuts
     D:1: 772 daAuts
     D:5: 741 daAuts
   Sewer: 738 daAuts
  Temple: 551 daAuts
     D:8: 6 daAuts
